 Dungeon Crawl Stone Soup version 0.31-a0-955-gcb8bc90ed4 (webtiles) character file.

Game seed: 3782515894886247367

5 Bnni the Trooper (level 1, 20/20 HPs)
             Began as a Hill Orc Monk on Oct 22, 2023.
             Quit the game on level 1 of the Dungeon.
             The game lasted 00:00:17 (96 turns).

Bnni the Trooper (Hill Orc Monk)                      Turns: 96, Time: 00:00:18

Health: 20/20      AC:  8    Str: 13    XL:     1   Next: 80%
Magic:  1/1        EV:  7    Int: 10    God:
Gold:   4          SH:  0    Dex: 13    Spells: 0/0 levels left

rFire   . . .        a - +0 spear
rCold   . . .        d - orb {light}
rNeg    . . .        g - +0 chain mail
rPois   .            (no helmet)
rElec   .            (no cloak)
rCorr   .            (no gloves)
SInv    .            (no boots)
Will    .....        (no amulet) Stlth
                     (no ring)
HPRegen 0.23/turn    (no ring)
MPRegen 0.07/turn

%: no passive effects
@: glowing
A: no striking features
a: no special abilities


You were on level 1 of the Dungeon.
You visited 1 branch of the dungeon, and saw 1 of its levels.

You collected 4 gold pieces.

Inventory:

Hand Weapons
 a - a +0 spear (weapon)
Missiles
 f - 2 curare-tipped darts
Armour
 b - a +0 robe
 d - an orb of light (worn)
 g - a +0 chain mail (worn)
Scrolls
 h - a scroll of teleportation {unknown}
 i - a scroll of enchant armour {unknown}
 j - a scroll of fear {unknown}
Potions
 c - a potion of ambrosia
 e - a potion of brilliance {unknown}
 k - a potion of heal wounds {unknown}


   Skills:
 + Level 3.8 Fighting
 * Level 3.6 Polearms
 - Level 2.4 Dodging


You couldn't memorise any spells.
You didn't know any spells.
Your spell library was empty.

Dungeon Overview and Level Annotations

Branches:
Dungeon (1/15)

Altars:


Message History

An endoplasm is nearby!
An endoplasm is nearby!
You hit the endoplasm.
The endoplasm is severely wounded.
The endoplasm barely misses you.
You hit the endoplasm.
You kill the endoplasm!
No target in view!
k - a puce potion
Found a stone staircase leading down.
No target in view!
You now have 4 gold pieces.
Found a stone staircase leading down.
No target in view!
A goblin and a ball python come into view.
The goblin shouts!
The ball python hisses angrily.
There are monsters nearby!
You hit the goblin.
You kill the goblin!
The ball python closely misses you. The ball python barely misses you.
You hit the ball python.
You kill the ball python!
No target in view!
A rat comes into view.
A rat is nearby!
Found a spear.
You reach to attack!
You hit the rat.
The rat is severely wounded.
You hit the rat.
You kill the rat!
No target in view!
A kobold comes into view. It is wielding a +0 whip.
The kobold shouts!
A kobold is nearby!
A frilled lizard comes into view.
A rat comes into view.
The frilled lizard hisses angrily.
You reach to attack!
You hit the kobold.
You kill the kobold!
Unknown command.
Are you sure you want to abandon this character and quit the game? (Confirm with "yes".)

..##.#####.## ..
......##... #.## . .....
..# #... #.#.... ## ##..
#.#....## ##.. ..
#.......# ###...
#..#....##.# ######.....
.....r...#.###...##.#...
#....l.@..).........#...
......)........†........
##......................
#.##.......##...###....
......########...# ##...
...... #...# #... .....
##### ... ..... ... ...


You could see a frilled lizard and a rat.

Vanquished Creatures
  An endoplasm (D:1)
  A goblin (D:1)
  A ball python (D:1)
  2 kobolds (D:1)
  A rat (D:1)
6 creatures vanquished.

Notes
Turn   | Place    | Note
-------+----------+-------------------------------------------
     0 | D:1      | Bnni the Hill Orc Monk began the quest for the Orb.
     0 | D:1      | Reached XP level 1. HP: 19/19 MP: 1/1
    96 | D:1      | Quit the game

Illustrated notes

Levels and vault maps discovered:
D:1:      dpeg_arrival_orchard, layout_rooms

Action                     || total
---------------------------++-------
  Melee: Spear             ||     8
  Dodge: Dodged            ||     3

Table legend: (Time is in decaauts)
 A = Elapsed time spent in this place.
 B = Non-inter-level travel time spent in this place.
 C = Inter-level travel time spent in this place.
 D = Time resting spent in this place.
 E = Time spent auto-exploring this place.
 F = Levels seen in this place.
 G = Mean time per level.
                   A        B        C        D        E       F      G
               +--------+--------+--------+--------+--------+-----+--------+
         Total |     95 |     95 |      0 |      0 |     47 |   1 |   95.0 |
       Dungeon |     95 |     95 |      0 |      0 |     47 |   1 |   95.0 |
               +--------+--------+--------+--------+--------+-----+--------+

Top non-repeatable levels by time:
     D:1: 95 daAuts
